Unix NetHack Version 5.0.0-0 post-release - last build Jul 19 2026 19:10:59 (3aa4ab31751d3886436d94b585a96704892fd477,branch:main).

Game began 2026-07-23 00:52:00, ended 2026-07-23 01:33:03.

HavenDragon, lawful male human Archeologist

            ...
           ..<.
           G...
           .@-
           .--

HavenDragon the Digger     St:9 Dx:10 Co:13 In:17 Wi:15 Ch:11  Lawful
Dlvl:3  $:10 HP:0(13) Pw:2(2) AC:8  Xp:1 T:965 

Latest messages:
 Lily picks up a carrot.
 You see here 9 arrows (for sale, 18 zorkmids).
 You kill the newt!
 Lily misses the lichen.
 You miss the lichen.
 Lily bites the lichen.
 The lichen is killed!
 You hear someone cursing shoplifters.
 You swap places with Lily.
 There is nothing here to pick up.
 You are beginning to feel hungry.
 What do you want to eat? [d or ?*] d
 This food really hits the spot!
 You finish eating the food ration.
 There is a staircase up to level 1 here.
 This door is locked.
 This door is locked.
 This door is locked.
 This door is locked.
 What do you want to use or apply? [afgh or ?*] e
 You don't have that object.
 What do you want to use or apply? [afgh or ?*] h
 e - a +0 pick-axe.
 What do you want to use or apply? [aefgh or ?*] e
 You now wield a +0 pick-axe.
 In what direction do you want to dig? [496321>] 6
 You start chopping at the door.
 You hit the door with all your might.
 You break through the door with your pick-axe.
 What do you want to wield? [- ae or ?*] a
 a - a +2 bullwhip (weapon in right hand).
 You descend the stairs.
 You climb up the stairs.
 You see here a locked large box.
 You descend the stairs.
 You climb up the stairs.
 You hear some noises in the distance.
 You hear someone cursing shoplifters.
 You descend the stairs.
 You hear crashing rock.
 You lash the gnome king.
 The gnome king hits!
 You lash the gnome king.
 The gnome king hits!
 You die...
 Do you want your possessions identified? [ynq] (y) y
 Do you want to see your attributes? [ynq] (y) y
 Do you want an account of creatures vanquished? [ynaq] (y) y
 Do you want to see your conduct and achievements? [ynq] (y) y
 Do you want to see the dungeon overview? [ynq] (y) y

Inventory:
 Coins    ('$')
  $ - 10 gold pieces
 Weapons  (')')
  a - a +2 bullwhip (weapon in right hand)
 Armor    ('[')
  c - an uncursed +0 fedora (being worn)
  i - an uncursed +0 pair of water walking boots (being worn)
  b - an uncursed +0 leather jacket (being worn)
 Comestibles  ('%')
  d - 5 uncursed food rations
 Scrolls  ('?')
  j - an uncursed scroll of magic mapping
 Tools    ('(')
  h - an empty uncursed sack
  e - a +0 pick-axe
  f - a tinning kit (0:38)
 Gems/Stones  ('*')
  g - an uncursed touchstone

HavenDragon the Archeologist's attributes:

Background:
 You were a Digger, a level 1 male human Archeologist.
 You were lawful, on a mission for Quetzalcoatl
 who was opposed by Camaxtli (neutral) and Huhetotl (chaotic).
 You were right-handed.
 You were in the Gnomish Mines, on level 3.
 You entered the dungeon 965 turns ago.
 It was nighttime.
 You had 16 experience points, 4 more were needed to attain level 2.

Basics:
 You had 0 out of 13 hit points.
 You had both energy points (spell power).
 Your armor class was 8.
 Your wallet contained 10 zorkmids.
 Autopickup was off.

Final Characteristics:
 Your strength was 9 (limit:18/100).
 Your dexterity was 10 (limit:18).
 Your constitution was 13 (limit:18).
 Your intelligence was 17 (limit:18).
 Your wisdom was 15 (limit:18).
 Your charisma was 11 (limit:18).

Final Status:
 You weren't hungry.
 You were unencumbered.
 You were wielding a whip.
 You had basic skill with whip.

Final Attributes:
 You were fervently aligned.
 You had automatic searching.
 You could walk on water.
 You were lucky.
 You are dead.

Miscellaneous:
 You didn't encounter any bones levels.
 Total elapsed playing time was 40 minutes and 56 seconds.

Major events:
 Turn
    1: HavenDragon the lawful male human Archeologist entered the dungeon
  808: entered the Gnomish Mines
  965: killed by a gnome king

You didn't know any spells.

Skills:
 Fighting Skills
   bare handed combat [Unskilled]
   two weapon combat  [Unskilled]
   riding             [Unskilled]
 Weapon Skills
   dagger             [Unskilled]
   knife              [Unskilled]
   pick-axe           [Basic]
   short sword        [Unskilled]
   saber              [Unskilled]
   club               [Unskilled]
   quarterstaff       [Unskilled]
   sling              [Unskilled]
   dart               [Unskilled]
   boomerang          [Unskilled]
   whip               [Basic]
   unicorn horn       [Unskilled]
 Spellcasting Skills
   attack spells      [Unskilled]
   healing spells     [Unskilled]
   divination spells  [Unskilled]
   matter spells      [Unskilled]

Voluntary challenges:
 Character rerolling was not enabled.
 You followed a strict vegan diet.
 You were an atheist.
 You never genocided any monsters.
 You never polymorphed an object.
 You never changed form.
 You used no wishes.
Achievements:
 You entered a shop.
 You entered the Gnomish Mines.

 The Dungeons of Doom: levels 1 to 3
    Level 1:
       Some fountains.
    Level 2:
       A general store.
       Stairs down to The Gnomish Mines.
    Level 3:
 The Gnomish Mines:
    Level 3: <- You were here.
       Final resting place for
          you, killed by a gnome king.


Vanquished creatures:
  2 jackals
  a fox
  a goblin
  3 grid bugs
  3 lichens
  5 newts
15 creatures vanquished.

No species were genocided or became extinct.

Game over:
                       ----------
                      /          \
                     /    REST    \
                    /      IN      \
                   /     PEACE      \
                  /                  \
                  |   HavenDragon    |
                  |      10 Au       |
                  |   killed by a    |
                  |    gnome king    |
                  |                  |
                  |                  |
                  |       2026       |
                 *|     *  *  *      | *
        _________)/\\_//(\/(/\)/\//\/|_)_______

Goodbye HavenDragon the Archeologist...

You died in The Gnomish Mines on dungeon level 3 with 173 points,
and 10 pieces of gold, after 965 moves.
You were level 1 with a maximum of 13 hit points when you died.

